 Dungeon Crawl Stone Soup version 0.28-a0-46-g7b1be97da7 (webtiles) character file.

Game seed: 9181374865852062041

2 Goblin1989 the Sneak (level 1, 0/18 HPs)
             Began as a Demonspawn Delver on July 30, 2021.
             Slain by a scorpion (4 damage)
             ... on level 3 of the Dungeon.
             The game lasted 00:03:12 (220 turns).

Goblin1989 the Sneak (Demonspawn Delver)             Turns: 220, Time: 00:03:13

Health: 0/18       AC:  4    Str: 12    XL:     1   Next: 25%
Magic:  1/1        EV: 11    Int: 11    God:
Gold:   26         SH:  0    Dex: 14    Spells: 0/0 levels left

rFire   . . .      SeeInvis .   a - +0 hand axe
rCold   . . .      Faith    .   (no shield)
rNeg    . . .      Spirit   .   b - +0 leather armour
rPois   .          Reflect  .   N - +0 helmet
rElec   .          Harm     .   (no cloak)
rCorr   .          Rampage  .   (no gloves)
Will    .....                   (no boots)
Stlth   ++........              (no amulet)
HPRegen 0.06/turn               (no ring)
MPRegen 0.07/turn               (no ring)

@: no status effects
A: no striking features
a: no special abilities


You were on level 3 of the Dungeon.
You visited 1 branch of the dungeon, and saw 3 of its levels.

You collected 26 gold pieces.

Inventory:

Hand Weapons
 a - a +0 hand axe (weapon)
Missiles
 O - 12 poisoned darts (quivered)
Armour
 b - a +0 leather armour (worn)
 N - a +0 helmet (worn)
Wands
 g - a wand of digging (3) {@v1}
 P - a wand of iceblast (2) {@v4}
Scrolls
 c - a scroll of fog
 e - a scroll of fear
Potions
 f - a potion of haste {@q3,}


   Skills:
 - Level 3.0 Fighting
 + Level 2.0 Axes
 - Level 1.7 Dodging
 - Level 4.5 Stealth


You couldn't memorise any spells.
You didn't know any spells.
Your spell library was empty.

Dungeon Overview and Level Annotations

Branches:
Dungeon (5/15)
 Temple: D:4-7

Altars:
Fedhas
Nemelex Xobeh

Annotations:
D:4 1 runed translucent door, Ijyb; qborf's ghost, amateur TrFi
D:5 Pikel


Message History

Press: ? - help, Q - select action, (/) - cycle Shift-Dir - straight line, f/p - orc
Aim: an orc, wielding a +0 club and wearing a +0 leather armour (moderately wounded, very poisoned, 59% to hit)
You throw a poisoned dart. The poisoned dart hits the orc.
The orc is moderately wounded.
Throw: 10 darts (poison)
Press: ? - help, Q - select action, (/) - cycle Shift-Dir - straight line, f/p - orc
Aim: an orc, wielding a +0 club and wearing a +0 leather armour (severely wounded, very poisoned, 59% to hit)
You throw a poisoned dart. The poisoned dart hits the orc.
The orc is severely wounded.
You closely miss the orc.
The orc is severely wounded.
The orc hits you but does no damage.
You hit the orc.
You kill the orc!
Your Axes skill increases to level 2!
Unknown command.
Unknown command.
There is an open door here.
Things that are here:
a +0 club; a +0 leather armour; an orc corpse
O - 10 poisoned darts (gained 1)
O - 11 poisoned darts (gained 1)
O - 12 poisoned darts (gained 1)
O - 13 poisoned darts (gained 1)
O - 15 poisoned darts (gained 2)
You enter the shallow water.
Moving in this stuff is going to be slow.
O - 16 poisoned darts (gained 1)
There is an escape hatch in the ceiling here.
Really go through this one-way escape hatch?
A mysterious force pulls you upwards. The hatch slams shut behind you.
You hear the sound of rushing water.
There is an entrance to a sewer on this level.
Hurry and find it before the portal rusts away!
Found 12 gold pieces.
Found 14 gold pieces.
A giant cockroach comes into view.
You see here 12 gold pieces.
You now have 12 gold pieces.
The giant cockroach closely misses you.
You see here 14 gold pieces.
You now have 26 gold pieces (gained 14).
The giant cockroach closely misses you.
You hit the giant cockroach.
The giant cockroach is severely wounded.
The giant cockroach bites you but does no damage.
The giant cockroach barely misses you.
You closely miss the giant cockroach.
The giant cockroach is severely wounded.
A scorpion comes into view.
The giant cockroach barely misses you.
You hit the giant cockroach but do no damage.
The giant cockroach is severely wounded.
The giant cockroach bites you but does no damage.
The giant cockroach barely misses you.
You barely miss the giant cockroach.
The giant cockroach is severely wounded.
The giant cockroach bites you but does no damage.
As you read the scroll of magic mapping, it crumbles to dust.
You feel aware of your surroundings.
You sensed 1 altar, and 1 shop/portal.
The giant cockroach barely misses you.
Unknown command.
The giant cockroach closely misses you.
Throw: 16 darts (poison)
Press: ? - help, Q - select action, (/) - cycle Shift-Dir - straight line, f - scorpion
Aim: a scorpion (59% to hit)
You throw a poisoned dart.
The poisoned dart barely misses the giant cockroach.
The poisoned dart hits the scorpion.
The giant cockroach barely misses you.
Throw: 15 darts (poison)
Press: ? - help, Q - select action, (/) - cycle Shift-Dir - straight line, f/p - scorpion
Aim: a scorpion (59% to hit)
You throw a poisoned dart.
The poisoned dart closely misses the scorpion.
The giant cockroach closely misses you. The scorpion stings you.
You take 5 damage, and have 13/18 hp.
MASSIVE DAMAGE!!
Throw: 14 darts (poison)
Press: ? - help, Q - select action, (/) - cycle Shift-Dir - straight line, f/p - scorpion
Aim: a scorpion (59% to hit)
You throw a poisoned dart. The poisoned dart hits the scorpion.
The scorpion barely misses you.
The giant cockroach bites you but does no damage.
The scorpion stings you. The giant cockroach closely misses you.
Throw: 13 darts (poison)
Press: ? - help, Q - select action, (/) - cycle Shift-Dir - straight line, f/p - scorpion
Aim: a scorpion (59% to hit)
You throw a poisoned dart. The poisoned dart hits the scorpion.
The scorpion is poisoned.
The scorpion stings you!
* * * LOW HITPOINT WARNING * * *
You take 8 damage, and have 5/18 hp.
MASSIVE DAMAGE!!
The scorpion barely misses you. The giant cockroach bites you.
* * * LOW HITPOINT WARNING * * *
Found a stone staircase leading down.
You take 1 damage, and have 4/18 hp.
Found a scroll labelled DIEXYL WAFAD.
The scorpion looks more healthy.
The scorpion stings you.
You die...

▓▓·▓▓▓····▓█.....(.........█▓▓▓▓▓
·········.██.....██.███.......···
▓▓·▓▓····...........█ ▓....███▓▓▓
···▓▓····███......█.█ ▓....█···▓▓
▓▓·▓▓·▓····█████..█.███.█.██·▓·▓▓
········▓▓·▓▓▓▓█........█.█▓·▓·▓▓
▓▓·▓▓·▓·▓▓·····█....█████·█▓·▓·▓▓
···▓▓·▓·▓▓▓▓▓▓·█sB......·····▓·▓▓
▓▓▓▓▓·▓·▓▓▓▓▓▓·█@█..████▓·▓▓▓▓·▓▓
······▓·▓............?..·········
···▓▓▓▓·▓.████.███......··▓▓▓▓·▓▓
···▲········...···...>..·······▓·
···▓▓▓▓·▓··███▓·▓··.████·····▓▓▓·
▓▓▓▓▓···▓··▓·······.█▓·▲·········
▓···▓··▓········█▓·▓·····▓▓▓▓
▓··<▓··▓·······▓▓▓·▓·····▓
▓▓▓▓▓···▓··▓·······▓▓▓·▓·····▓


You could see a scorpion and a giant cockroach.

Vanquished Creatures
  An orc (D:4)
1 creature vanquished.

Vanquished Creatures (others)
  A plant (D:4)
1 creature vanquished.

Grand Total: 2 creatures vanquished

Notes
Turn   | Place    | Note
-------+----------+-------------------------------------------
     0 | D:5      | Goblin1989 the Demonspawn Delver began the quest for the
                  | Orb.
     0 | D:5      | Reached XP level 1. HP: 18/18 MP: 1/1
    10 | D:5      | Noticed a necrophage
    26 | D:5      | Noticed a lemure
    41 | D:5      | Found a sparkling altar of Nemelex Xobeh.
    42 | D:5      | Noticed an ogre
    49 | D:5      | Noticed a lemure
    51 | D:5      | Noticed a lemure
    54 | D:5      | Noticed Pikel
    56 | D:5      | Noticed a lemure
    62 | D:4      | Noticed Ijyb
    92 | D:4      | Found a runed translucent door.
    92 | D:4      | Noticed qborf's ghost (amateur TrFi)
    95 | D:4      | Noticed an orc priest
   144 | D:4      | Found a blossoming altar of Fedhas.
   200 | D:3      | Noticed a scorpion
   220 | D:3      | Slain by a scorpion

Illustrated notes

Levels and vault maps discovered:
D:3:      layout_basic, mainiacjoe_overflow_chevrons, gup_sewer_entry_bowl
D:4:      layout_basic, trog_wizard, fedhas_ov_isle_minmay,
          hellmonk_ghost_happy_afterlife, minmay_misc_feat_more_columns,
          chequers_serial_rivers_micro_a, minmay_puff, uniq_edmund, uniq_ijyb
D:5:      layout_basic, old_standard_altar, uniq_pikel

Skill      XL: |  1 |
---------------+----+-----
Axes           | 2 |  2.0
Fighting       | |  3.0
Dodging        | |  1.7
Stealth        | |  4.5

Action                   || total
-------------------------++-------
Melee: Hand axe          ||     6
Throw: Dart              ||    11
  Use: Scroll            ||     1
Armor: Leather armour    ||     5
Dodge: Dodged            ||    12

Table legend: (Time is in decaauts)
 A = Elapsed time spent in this place.
 B = Non-inter-level travel time spent in this place.
 C = Inter-level travel time spent in this place.
 D = Time resting spent in this place.
 E = Time spent auto-exploring this place.
 F = Levels seen in this place.
 G = Mean time per level.
                   A        B        C        D        E       F      G
               +--------+--------+--------+--------+--------+-----+--------+
         Total |    226 |    226 |      0 |      0 |      0 |   3 |   75.3 |
       Dungeon |    226 |    226 |      0 |      0 |      0 |   3 |   75.3 |
               +--------+--------+--------+--------+--------+-----+--------+

Top non-repeatable levels by time:
     D:4: 137 daAuts
     D:5: 57 daAuts
     D:3: 31 daAuts
